[Event "Late-Titled-Tuesday-Blitz-December-26-2023"]
[Site "Chess.com"]
[Date "2023.12.26"]
[Round "6"]
[White "The_Straightforward_Rook"]
[Black "Grammnik"]
[Result "0-1"]
[WhiteElo "2414"]
[BlackElo "2214"]
[TimeControl "180+1"]
[EndTime "15:05:50 PST"]
[Termination "Grammnik won by checkmate"]

1. e4 c6 2. Nc3 d5 3. Nf3 Bg4 4.
h3 Bxf3 5. Qxf3 e6 6. Qg3 Nf6 7. d3 Nbd7 8. Be2 d4 9. Nb1 e5 10. O-O Bd6 11. Qxg7 Rg8 12. Qh6 Rg6 13. Qh4 Qc7 14. a4 O-O-O 15. Kh1 Rdg8 16. Rg1 Be7 17.
Na3 Nf8 18. Nc4 Kb8 19. f3 Rg3 20. Bd2 h5 21. Be1 R3g5 22. Qf2 Ne6 23. Bd2 Nf4 24. Bxf4 exf4 25. Bf1 c5 26. a5 h4 27. Qd2 Nh5 28.
e5 Ng3+ 29. Kh2 f6 30. Qxf4 fxe5 31. Qf7 Bd6 32. Nxd6 Qxd6 33. Re1 R5g7 34. Qb3 e4 35. Rh1 Ne2+ 36. g3 Qxg3# 0-1

[Event "Late-Titled-Tuesday-Blitz-December-26-2023"]
[Site "Chess.com"]
[Date "2023.12.26"]
[Round "6"]
[White "aa175"]
[Black "AlexanderL"]
[Result "0-1"]
[WhiteElo "2656"]
[BlackElo "2889"]
[TimeControl "180+1"]
[EndTime "15:05:51 PST"]
[Termination "AlexanderL won by resignation"]

1. d4 e6 2. Bf4 c5 3. e3 Qb6 4. Nc3 Nf6 5. Nf3 d5 6. Nb5 Na6 7. Ne5 c4 8. a4 Nd7 9. c3 Nxe5 10. Bxe5 Bd7 11. b3 cxb3 12. Qxb3 f6 13. Nd6+ Bxd6 14. Qxb6 axb6 15. Bxd6 Bc6 16. Bxa6 Rxa6 17. Kd2 Kd7 18. Bb4 Rha8 19. Ra3 Rxa4 20. Rha1 b5 21. Bc5 Kc7 22. Bb4 b6 23. Kd3 Kd7 24. R1a2 e5 25. f3 Ke6 26. h3 e4+ 27. Ke2 g5 28. Kf2 h5 29. g3 exf3 30.
Kxf3 Kf5 31. g4+ Kg6 32. Kg3 Bd7 33. Rxa4 bxa4 34. Kf3 hxg4+ 35. hxg4 Re8 36. Rh2 Re4 37. Rg2 Re8 38. Rh2 Bb5 39. Ba3 Bd3 40. Rb2 b5 41.
Rh2 Rc8 42. Bb4 Be4+ 43. Kg3 Ra8 44. Ra2 Rh8 45. Rh2 Rxh2 46. Kxh2 Bc2 47. Kg3 f5 48.
Be7 fxg4 49. Kxg4 Bd1+ 50. Kg3 Kf5 51. Kf2 g4 52. Ke1 g3 53. Bd6 g2 54. Kf2 Bf3 55. Bh2 Ke4 56. Bg1 a3 0-1

[Event "Late-Titled-Tuesday-Blitz-December-26-2023"]
[Site "Chess.com"]
[Date "2023.12.26"]
[Round "6"]
[White "Nick12772"]
[Black "Hoshka"]
[Result "1-0"]
[WhiteElo "2314"]
[BlackElo "2059"]
[TimeControl "180+1"]
[EndTime "15:05:52 PST"]
[Termination "Nick12772 won by resignation"]

1. Nf3 d5 2. g3 Nf6 3. Bg2 e6 4. O-O Be7 5. b3 O-O 6. Bb2 c5 7. d4 cxd4 8. Nxd4 Nc6 9. Nd2 Bd7 10. c4 Nxd4 11. Bxd4 Bc6 12. Rc1 Qa5 13. cxd5 Bxd5 14.
Bxd5 Nxd5 15. Nc4 Qa6 16. Ne3 Rfd8 17. Qc2 Nb4 18. Qb2 Bf8 19. a3 Nc6 20. Bc5 Rac8 21. Bxf8 Kxf8 22. Nc4 Qb5 23. e3 Qh5 24. h4 h6 25. a4 Kg8 26. Qb1 Nb4 27. Qe4 b6 28. Qe5 Qf3 29. Qf4 Qe2 30. Ne5 f5 31. Qxb4 1-0

[Event "Late-Titled-Tuesday-Blitz-December-26-2023"]
[Site "Chess.com"]
[Date "2023.12.26"]
[Round "6"]
[White "oskariot"]
[Black "SlipperySpeedster"]
[Result "0-1"]
[WhiteElo "2826"]
[BlackElo "2652"]
[TimeControl "180+1"]
[EndTime "15:05:54 PST"]
[Termination "SlipperySpeedster won by resignation"]

1. e4 e5 2. Nf3 Nf6 3. Nc3 Nc6 4.
h3 Bb4 5. Nd5 Bc5 6. c3 O-O 7.
d3 Nxd5 8. exd5 Ne7 9. Nxe5 d6 10. Nf3 Nxd5 11. d4 Bb6 12. Bd3 Re8+ 13. Kf1 h6 14. g3 Qf6 15. Kg2 Bd7 16. a3 Bc6 17. c4 Ne7 18. d5 Bd7 19. Qc2 c6 20. b4 cxd5 21. Bb2 d4 22. Be4 Rac8 23. Qd3 Nc6 24. Rae1 Ne5 25.
Nxe5 dxe5 26. c5 Bc7 27. Bxb7 Rb8 28. Qf3 Rxb7 29. Qxf6 gxf6 30. Bxd4 0-1

[Event "Late-Titled-Tuesday-Blitz-December-26-2023"]
[Site "Chess.com"]
[Date "2023.12.26"]
[Round "6"]
[White "ChessLebaneseSalah"]
[Black "MaestroCheck"]
[Result "0-1"]
[WhiteElo "2439"]
[BlackElo "2583"]
[TimeControl "180+1"]
[EndTime "15:05:55 PST"]
[Termination "MaestroCheck won by checkmate"]

1. e4 c5 2. Nf3 e6 3. d4 cxd4 4.
Nxd4 Nf6 5. Nc3 Nc6 6. Nxc6 bxc6 7. e5 Nd5 8. Ne4 Bb7 9. c4 Nb4 10. Bd2 c5 11. Bxb4 cxb4 12. Nd6+ Bxd6 13. Qxd6 Qe7 14. O-O-O Qxd6 15. Rxd6 Ke7 16. f4 f6 17. Be2 fxe5 18.
fxe5 Rhf8 19. Rhd1 Rad8 20. c5 Bd5 21. Ra6 Rc8 22.
Ra5 Rf2 23. Bf3 Bxf3 24. gxf3 Rc7 25. Rd4 Rxf3 26. h4 Re3 27. Rg4 g6 28. h5 Rxe5 29.
hxg6 hxg6 30. Rxg6 Rcxc5+ 31. Rxc5 Rxc5+ 32. Kd2 a5 33. Rg7+ Kd6 34. Rg8 Rh5 35. Ra8 Kc6 36. Ra6+ Kb7 37. Rd6 Kc7 38. Ra6 Kb7 39. Rd6 Rd5+ 40. Rxd5 exd5 41. Kd3 Kc6 42. Kd4 d6 43. b3 Kc7 44. Kxd5 Kd7 45. Kd4 Kc6 46. Kc4 d5+ 47.
Kd4 Kd6 48. Kd3 Ke5 49. Ke3 d4+ 50. Kd3 Kd5 51. Ke2 Ke4 52. Kd2 d3 53. Kd1 Ke3 54. Ke1 d2+ 55. Kd1 Kd3 56. a4 bxa3 57. b4 a2 58.
bxa5 a1=R# 0-1

[Event "Late-Titled-Tuesday-Blitz-December-26-2023"]
[Site "Chess.com"]
[Date "2023.12.26"]
[Round "6"]
[White "GAusal"]
[Black "SocoLoco"]
[Result "1/2-1/2"]
[WhiteElo "2305"]
[BlackElo "2129"]
[TimeControl "180+1"]
[EndTime "15:05:55 PST"]
[Termination "Game drawn by repetition"]

1. d4 d5 2. Nf3 Nc6 3. Bf4 Bg4 4. e3 e6 5. Be2 Nf6 6. O-O Bd6 7. Bxd6 cxd6 8. h3 Bh5 9. c3 O-O 10. Nbd2 Re8 11. Qb3 Rb8 12. Rac1 a6 13. c4 dxc4 14. Nxc4 Ne4 15. Rfe1 f6 16. Ncd2 Nxd2 17. Nxd2 Bxe2 18. Rxe2 d5 19. Nf3 Kh8 20. a3 Qd6 21. Rec2 e5 22.
dxe5 fxe5 23. Rd1 Rbd8 24. Rcd2 d4 25. exd4 exd4 26. Nxd4 Nxd4 27. Rxd4 Qxd4 28. Rxd4 Rxd4 29. Qf7 Rb8 30. Qc7 Rdd8 31. h4 Rdc8 32. Qd7 Rd8 33.
Qe7 Re8 34. Qb4 b5 35. g3 Ra8 36. h5 Re6 37. g4 Rae8 38. f3 h6 39. Kg2 Re1 40.
Kg3 R1e2 41. Qc3 R2e3 42. Qc6 R3e6 43. Qb7 R8e7 44. Qb8+ Re8 45. Qb7 R8e7 46. Qd5 Re5 47. Qc6 R5e6 48. Qa8+ Re8 49. Qb7 1/2-1/2

[Event "Late-Titled-Tuesday-Blitz-December-26-2023"]
[Site "Chess.com"]
[Date "2023.12.26"]
[Round "6"]
[White "HanSchut"]
[Black "AsaHoffmann"]
[Result "1-0"]
[WhiteElo "2261"]
[BlackElo "2350"]
[TimeControl "180+1"]
[EndTime "15:05:56 PST"]
[Termination "HanSchut won by resignation"]

1. e4 d6 2. d4 Nf6 3. Nc3 c6 4. f4 Qa5 5. Bd3 e5 6. Nf3 exd4 7.
Nxd4 Qb6 8. Nb3 a5 9. Qe2 a4 10. Be3 Qb4 11. a3 axb3 12. axb4 Rxa1+ 13. Kd2 Rxh1 14. e5 dxe5 15. fxe5 bxc2 16. Bxc2 Ng4 17. Bf4 Bxb4 18. h3 Nh6 19. Bxh6 gxh6 20. Bb3 Bxc3+ 21.
bxc3 O-O 22. Qe4 Rd8+ 23. Ke2 Na6 24. Bc2 Be6 25. Qxh7+ Kf8 26. Qxh6+ Ke7 27. Qf6+ Kd7 28. Bf5 Nc5 29. Qxf7+ Kc8 30. Bxe6+ Nxe6 31. Qxe6+ Kc7 32. Qf7+ Rd7 33. e6 1-0

[Event "Late-Titled-Tuesday-Blitz-December-26-2023"]
[Site "Chess.com"]
[Date "2023.12.26"]
[Round "6"]
[White "nindjaxx8"]
[Black "Kiborg95"]
[Result "0-1"]
[WhiteElo "2587"]
[BlackElo "2838"]
[TimeControl "180+1"]
[EndTime "15:05:57 PST"]
[Termination "Kiborg95 won by resignation"]

1. d4 d6 2. c4 e5 3. e3 Nd7 4.
Nc3 g6 5. g3 Bg7 6. Bg2 Nh6 7.
Nf3 O-O 8. O-O f5 9. dxe5 dxe5 10. Qb3 c6 11. Bd2 Nf7 12. Rad1 Qe7 13. Ne2 a5 14. Bc3 Re8 15. Qc2 a4 16. a3 e4 17. Nfd4 Nfe5 18.
Nf4 Qf7 19. Nde6 Rxe6 20. Nxe6 Qxe6 21. c5 Bf8 22. Bd4 Qc4 23. Qb1 Nd3 24. Rd2 Bxc5 25.
Bxc5 N7xc5 26. Rfd1 Be6 27. Bf1 Qa2 28. Qc2 Bb3 29.
Qb1 Qxb1 30. Rxb1 Rd8 31. Rc1 Rd5 32. Rc3 b6 33. Be2 Ne5 34. Rxd5 cxd5 35. Kf1 Bc4 36. Bxc4 Nxc4 37. Rc2 Nd3 38. Ke2 Ndxb2 39. h4 h5 40. Rc1 Kf7 41. Rb1 Ke6 42. Rc1 Kd6 43. Rh1 Nxa3 44.
Rb1 Nxb1 0-1

[Event "Late-Titled-Tuesday-Blitz-December-26-2023"]
[Site "Chess.com"]
[Date "2023.12.26"]
[Round "6"]
[White "ilushka"]
[Black "tripledes"]
[Result "1-0"]
[WhiteElo "2447"]
[BlackElo "2223"]
[TimeControl "180+1"]
[EndTime "15:05:57 PST"]
[Termination "ilushka won by resignation"]

1. e4 c6 2. Nf3 d5 3. Nc3 dxe4 4. Nxe4 Nf6 5. Nxf6+ exf6 6. Bc4 Bd6 7. Qe2+ Be7 8. O-O O-O 9. d3 Bd6 10. h3 a5 11. a4 Qc7 12. Be3 Nd7 13. Rfe1 Ne5 14. Nxe5 fxe5 15. Qf3 Bd7 16. Rad1 Rae8 17. d4 e4 18. Qh5 Be6 19. Bxe6 Rxe6 20. c3 f5 21. d5 cxd5 22. Rxd5 f4 23. Bd4 b6 24. Qg4 Qf7 25.
Rf5 Qg6 26. Rg5 Qxg5 27. Qxg5 Rg6 28. Qd5+ Kh8 29. Rxe4 f3 30. g4 Bf4 31. Rxf4 1-0

[Event "Late-Titled-Tuesday-Blitz-December-26-2023"]
[Site "Chess.com"]
[Date "2023.12.26"]
[Round "6"]
[White "Fan_Of_Chucky"]
[Black "MalcolmPein"]
[Result "1-0"]
[WhiteElo "2467"]
[BlackElo "2337"]
[TimeControl "180+1"]
[EndTime "15:05:58 PST"]
[Termination "Fan_Of_Chucky won by resignation"]

1. d4 Nf6 2. c4 c5 3. Nf3 cxd4 4. Nxd4 e5 5. Nb5 d5 6. cxd5 Bc5 7. N5c3 O-O 8. g3 Re8 9. Bg2 e4 10. O-O Bf5 11.
a3 Nbd7 12. b4 Bb6 13. Nb5 Ne5 14. N1c3 Rc8 15. Qb3 a6 16. Rd1 axb5 17. Nxb5 e3 18. Bxe3 Bxe3 19. Qxe3 Neg4 20. Qf4 Bd7 21. Nd6 Rxe2 22.
Nxc8 Rxf2 23. Qb8 Rxg2+ 24. Kxg2 Ne3+ 25. Kg1 Nxd1 26. Ne7+ 1-0

[Event "Late-Titled-Tuesday-Blitz-December-26-2023"]
[Site "Chess.com"]
[Date "2023.12.26"]
[Round "6"]
[White "czasnaszachy"]
[Black "Bryanl106"]
[Result "0-1"]
[WhiteElo "2388"]
[BlackElo "2563"]
[TimeControl "180+1"]
[EndTime "15:06:02 PST"]
[Termination "Bryanl106 won by resignation"]

1. e4 e5 2. Nf3 Nc6 3. Bb5 a6 4. Ba4 Nf6 5. O-O Be7 6. Re1 b5 7.
Bb3 d6 8. c3 a5 9. a3 O-O 10.
h3 a4 11. Ba2 Be6 12. d4 Bxa2 13. Rxa2 Re8 14. Qd3 Qb8 15. Nbd2 Bf8 16. Nf1 d5 17.
Nxe5 Nxe5 18. dxe5 Rxe5 19. Ng3 Qe8 20. f3 Rd8 21.
Qe2 dxe4 22. fxe4 Qe6 23. Ra1 Bc5+ 24. Kh1 h5 25. Bf4 h4 26. Bxe5 Qxe5 27. Nf5 Qf4 28. Rad1 Rxd1 29. Rxd1 g6 30. Rf1 Qg5 31. Nd4 Nh5 32.
Qf3 Ng3+ 33. Kg1 Nxf1 34. Kxf1 Qc1+ 35. Kf2 Bxd4+ 36. cxd4 Qxb2+ 37. Kg1 Qxd4+ 38. Kh2 Qe5+ 39. Kh1 c5 40. Qe2 b4 41. axb4 cxb4 0-1

[Event "Late-Titled-Tuesday-Blitz-December-26-2023"]
[Site "Chess.com"]
[Date "2023.12.26"]
[Round "6"]
[White "shaya01"]
[Black "Defenstrator"]
[Result "0-1"]
[WhiteElo "2217"]
[BlackElo "2459"]
[TimeControl "180+1"]
[EndTime "15:06:03 PST"]
[Termination "Defenstrator won by resignation"]

1. e4 c5 2. Nf3 d6 3. d4 cxd4 4. Nxd4 Nf6 5. Nc3 Nfd7 6. g3 Nc6 7. Nde2 g6 8. Bg2 Bg7 9. O-O O-O 10. Nd5 e6 11. Ndc3 Nb6 12. Nb5 d5 13. exd5 Nxd5 14. c4 Ndb4 15. Qxd8 Rxd8 16. a3 Nd3 17. Bg5 Rd7 18.
Rad1 Nxb2 19. Rxd7 Bxd7 20. Nd6 Bf8 21. Nxb7 Nxc4 22.
Rc1 N4e5 23. f4 Bxa3 24. Rd1 Rb8 25. fxe5 Rxb7 26. Rxd7 Rxd7 27. Bxc6 Rc7 28. Be4 Bb2 29. Bf6 a5 30. Kf2 a4 31. Ke3 a3 32. Bb1 Rb7 33.
Ba2 Ba1 34. Be7 Bxe5 35. Bxa3 Ra7 0-1

[Event "Late-Titled-Tuesday-Blitz-December-26-2023"]
[Site "Chess.com"]
[Date "2023.12.26"]
[Round "6"]
[White "GlavkonVVS"]
[Black "Jospem"]
[Result "0-1"]
[WhiteElo "2528"]
[BlackElo "3066"]
[TimeControl "180+1"]
[EndTime "15:06:04 PST"]
[Termination "Jospem won by resignation"]

1. c4 c5 2. Nc3 Nc6 3. g3 g6 4.
Bg2 Bg7 5. Nf3 d6 6. d3 e6 7.
O-O Nge7 8. a3 O-O 9. Rb1 b6 10. Bg5 h6 11. Bd2 Bb7 12. b4 Rb8 13. Qc1 Kh7 14. h4 Nd4 15. Nxd4 cxd4 16. Nd1 Bxg2 17. Kxg2 Qd7 18. e4 f5 19. f4 Rbc8 20. Nf2 fxe4 21. dxe4 d5 22. exd5 Nxd5 23. Kg1 Nc3 24. Bxc3 dxc3 25.
c5 bxc5 26. bxc5 Rxc5 27. Qc2 Rd5 28. Rfd1 Qc6 29. Rxd5 Qxd5 30. Rd1 Qc5 31. Rd7 Rc8 32. h5 Qxh5 33. Ne4 Qf5 34. Qd3 e5 35. Nxc3 Qxd3 36.
Rxd3 exf4 37. Ne4 Rc4 38. Nd6 Rd4 39. Rxd4 Bxd4+ 40. Kg2 fxg3 41. Nb5 Bf2 42. Nd6 g5 43. Ne4 Kg6 44. a4 h5 45. a5 g4 46. a6 h4 47. Nxf2 gxf2 48. Kxf2 Kf5 49. Kg2 Ke4 50. Kf2 Kf4 51. Kg2 Ke3 0-1

[Event "Late-Titled-Tuesday-Blitz-December-26-2023"]
[Site "Chess.com"]
[Date "2023.12.26"]
[Round "6"]
[White "Kapitan_Bayan"]
[Black "SnekkerAndersen"]
[Result "1-0"]
[WhiteElo "2353"]
[BlackElo "2558"]
[TimeControl "180+1"]
[EndTime "15:06:09 PST"]
[Termination "Kapitan_Bayan won by resignation"]

1. e4 h6 2. d4 a6 3. c4 e6 4.
Nc3 d6 5. Nf3 Nc6 6. d5 Ne5 7.
Nxe5 dxe5 8. Be2 Nf6 9. Be3 Bd7 10. O-O Be7 11. c5 Qb8 12. Rc1 O-O 13. Qd2 Rd8 14.
Rfd1 Bf8 15. Qc2 exd5 16. exd5 Bg4 17. h3 Bxe2 18. Qxe2 Qc8 19. Qf3 Qd7 20. Bxh6 Bxc5 21. Bg5 Be7 22. Bxf6 Bxf6 23. d6 Bg5 24. dxc7 Qxc7 25.
Nd5 Qd6 26. Rc7 Qe6 27. Qh5 Rxd5 28. Rxd5 Qxd5 29. Qxg5 Rd8 30. Qe7 Rf8 31. Rxb7 Qxa2 32. Qxe5 Qc4 33. Ra7 Rd8 34. Qc7 Rd1+ 35. Kh2 g6 36.
Qxc4 1-0

[Event "Late-Titled-Tuesday-Blitz-December-26-2023"]
[Site "Chess.com"]
[Date "2023.12.26"]
[Round "6"]
[White "BilodeauA"]
[Black "jefferyx"]
[Result "0-1"]
[WhiteElo "2887"]
[BlackElo "3022"]
[TimeControl "180+1"]
[EndTime "15:06:10 PST"]
[Termination "jefferyx won by resignation"]

1. e4 e6 2. d4 d5 3. Nd2 c5 4.
exd5 Qxd5 5. dxc5 Nf6 6. Ngf3 Qxc5 7. Bd3 Be7 8. O-O Nbd7 9. a4 Qc7 10. a5 Nc5 11. Bc4 O-O 12. Qe2 Rd8 13. b4 Ncd7 14.
b5 Nc5 15. Bb2 Bd7 16. Be5 Bd6 17. Bxf6 gxf6 18. Ne4 Nxe4 19. Qxe4 Rac8 20. Bd3 f5 21. Qh4 Bf8 22. a6 b6 23. Qh5 Be8 24. Ra4 Rxd3 25.
cxd3 Bxb5 26. Rh4 h6 27. Rh3 Bxd3 28. Rg3+ Bg7 29. Re1 Bxa6 30. h3 Qf4 31. Ne5 Rc7 32. Nxf7 Rxf7 33. Rxe6 Kf8 34. Qg6 Bb5 35. Rd6 Qc1+ 36.
Kh2 Qc7 37. f4 Be8 38. Qe6 Rf6 39. Qxf6+ Bxf6 40. Re6 0-1

[Event "Late-Titled-Tuesday-Blitz-December-26-2023"]
[Site "Chess.com"]
[Date "2023.12.26"]
[Round "6"]
[White "Fh2411"]
[Black "Korchmar_Vasiliy"]
[Result "0-1"]
[WhiteElo "2535"]
[BlackElo "2803"]
[TimeControl "180+1"]
[EndTime "15:06:13 PST"]
[Termination "Korchmar_Vasiliy won on time"]

1. d4 Nf6 2. Nf3 d5 3. c4 e6 4.
Nc3 dxc4 5. e3 a6 6. a4 b6 7.
Bxc4 Bb7 8. O-O Bb4 9. Qe2 O-O 10. Bd2 Nbd7 11. Rfd1 Qe7 12. Be1 Rfd8 13. Rac1 Bd6 14. e4 e5 15. d5 Bc5 16. Bd2 Ne8 17. Ne1 Nd6 18. Ba2 Qh4 19. Nd3 Bd4 20. g3 Qh3 21.
Qf3 Nf6 22. Qg2 Qxg2+ 23. Kxg2 Nfxe4 24. Nxe4 Nxe4 25. Rxc7 Bxd5 26. Bxd5 Rxd5 27. Be3 Bxe3 28. fxe3 Rad8 29. Nf2 Rxd1 30. Nxd1 Rd2+ 31. Kf3 f5 0-1

[Event "Late-Titled-Tuesday-Blitz-December-26-2023"]
[Site "Chess.com"]
[Date "2023.12.26"]
[Round "6"]
[White "fugadelafuga"]
[Black "ahkashefi2800"]
[Result "0-1"]
[WhiteElo "2440"]
[BlackElo "2618"]
[TimeControl "180+1"]
[EndTime "15:06:15 PST"]
[Termination "ahkashefi2800 won by resignation"]

1. e4 e5 2. Nf3 Nc6 3. Bc4 Bc5 4. c3 Nf6 5. d3 d6 6. Nbd2 O-O 7. O-O a6 8. a4 Be6 9. Bxe6 fxe6 10. h3 Qe8 11.
Re1 Ba7 12. Nf1 Nh5 13. Be3 Nf4 14. d4 exd4 15. cxd4 Kh8 16. Qd2 Nxh3+ 17. Kh1 Rxf3 18. gxf3 Qh5 19. Nh2 Rf8 20. Kg2 e5 21. dxe5 Nxe5 22. Bxa7 Nf4+ 23. Qxf4 Rxf4 24. Re3 Nc6 25. e5 Nxa7 26.
exd6 cxd6 27. Rae1 Rf8 28. Ng4 Nc6 29. Rh1 Qf5 30. Re4 Qxf3+ 0-1

[Event "Late-Titled-Tuesday-Blitz-December-26-2023"]
[Site "Chess.com"]
[Date "2023.12.26"]
[Round "6"]
[White "anasta10"]
[Black "hangemhigh"]
[Result "1-0"]
[WhiteElo "2613"]
[BlackElo "2466"]
[TimeControl "180+1"]
[EndTime "15:06:18 PST"]
[Termination "anasta10 won on time"]

1. Nf3 d6 2. d4 Nf6 3. c4 Nbd7 4. Nc3 e5 5. e3 c6 6. b3 e4 7. Nd2 d5 8. Bb2 Bd6 9. h3 a6 10. Qc2 O-O 11. O-O-O b5 12. c5 Bc7 13. Kb1 Re8 14. g4 Nf8 15. Be2 Ng6 16. Rdg1 Nh4 17. Nd1 a5 18. g5 Nd7 19. f3 exf3 20. Nxf3 Nf5 21. Qxf5 Nxc5 22. Qc2 Ne4 23. Bd3 a4 24. Ne5 Bxe5 25.
dxe5 axb3 26. axb3 Bf5 27. Rf1 Qxg5 28. Rhg1 Qh5 29.
e6 f6 30. Nf2 Rxe6 31. Nxe4 Bxe4 32. Bxe4 dxe4 33. Rxf6 Rxf6 34. Bxf6 g6 35. Bb2 Qd5 36. Rd1 1-0

[Event "Late-Titled-Tuesday-Blitz-December-26-2023"]
[Site "Chess.com"]
[Date "2023.12.26"]
[Round "6"]
[White "KVAIDAN"]
[Black "GiorgianBarbosa"]
[Result "0-1"]
[WhiteElo "2377"]
[BlackElo "2504"]
[TimeControl "180+1"]
[EndTime "15:06:19 PST"]
[Termination "GiorgianBarbosa won by checkmate"]

1. f4 c5 2. Nf3 g6 3. d3 Bg7 4.
e4 Nc6 5. Be2 e6 6. O-O Nge7 7.
Qe1 O-O 8. Qh4 d5 9. f5 exf5 10. Nc3 dxe4 11. dxe4 Nd4 12. Bd1 Nxf3+ 13. Bxf3 fxe4 14.
Nxe4 Nf5 15. Qe1 Re8 16. c3 Be6 17. Bg5 Qb6 18. Qf2 Bd5 19. Rae1 c4 20. Qxb6 axb6 21.
Nf6+ Bxf6 22. Rxe8+ Rxe8 23. Bxf6 Bxf3 24. Rxf3 Re2 25. Rf4 h5 26. Rxc4 Kh7 27. Rc7 g5 28. Bxg5 Rxb2 29. Bf4 Nh4 30. Bg3 Nxg2 31. Rxf7+ Kg6 32.
Rxb7 h4 33. Be5 h3 34. Bd4 Rc2 35. Rxb6+ Kg5 36. a4 Nh4 37. Kf1 Nf3 38. a5 Nxh2+ 39. Ke1 Nf3+ 40. Kd1 Ra2 41. Be3+ Kf5 42. a6 h2 43. Rh6 Ke4 44. Bd4 Rxa6 45. Rh8 Ra1+ 46.
Ke2 h1=Q 47. Rxh1 Rxh1 48. Bg7 Rh2+ 49. Kd1 Kd3 50. Kc1 Rc2+ 51. Kb1 Nd2+ 52. Ka1 Ne4 53. Bh6 Nxc3 54. Bd2 Ra2# 0-1

[Event "Late-Titled-Tuesday-Blitz-December-26-2023"]
[Site "Chess.com"]
[Date "2023.12.26"]
[Round "6"]
[White "ccccvhhhj"]
[Black "Alex_Banzea"]
[Result "1/2-1/2"]
[WhiteElo "2502"]
[BlackElo "2636"]
[TimeControl "180+1"]
[EndTime "15:06:20 PST"]
[Termination "Game drawn by repetition"]

1. e4 c5 2. Nf3 g6 3. d4 cxd4 4.
Nxd4 Bg7 5. Nc3 Nc6 6. Be3 Nf6 7.
Nxc6 bxc6 8. e5 Ng8 9. Bd4 Nh6 10. e6 O-O 11. Bxg7 Kxg7 12. exd7 Qxd7 13. Qxd7 Bxd7 14.
O-O-O Rfd8 15. Be2 Nf5 16. Ne4 Be8 17. c3 Nd6 18.
Nc5 Rdb8 19. Rhe1 a5 20. Rd2 Kf8 21. b3 Nb5 22. Bxb5 cxb5 23. Nd7+ Bxd7 24. Rxd7 e6 25.
Re3 Rd8 26. Rb7 Rab8 27. Ra7 Ra8 28. Rb7 Rdb8 29. Rxb8+ Rxb8 30. Kb2 Rd8 31. Kc2 h5 32. Re5 Rb8 33. c4 bxc4 34. bxc4 Rb4 35. Kc3 Ra4 36. Kb3 Rb4+ 37. Kc3 Ra4 38. Kb3 Rb4+ 39. Kc3 1/2-1/2

[Event "Late-Titled-Tuesday-Blitz-December-26-2023"]
[Site "Chess.com"]
[Date "2023.12.26"]
[Round "6"]
[White "Sacbutt"]
[Black "VitorBronson"]
[Result "1/2-1/2"]
[WhiteElo "2360"]
[BlackElo "2539"]
[TimeControl "180+1"]
[EndTime "15:06:21 PST"]
[Termination "Game drawn by repetition"]

1. e4 c5 2. Nf3 d6 3. d4 cxd4 4. Qxd4 Nc6 5. Bb5 Bd7 6. Bxc6 Bxc6 7. c4 Nf6 8. Nc3 g6 9. O-O Bg7 10. Re1 O-O 11. Qd3 Nd7 12. Rb1 Rc8 13. b3 a6 14.
Bb2 Nc5 15. Qd2 f5 16. Ng5 h6 17. exf5 hxg5 18. fxg6 e5 19. Nd5 Rf4 20. Nxf4 gxf4 21. Rbd1 Qg5 22. g3 Qh5 23. Qxd6 Qf3 24. Kf1 Qg2+ 25.
Ke2 Bf3+ 26. Kd2 Qxf2+ 27. Kc1 Bxd1 28. Rxd1 Qe3+ 29. Kb1 Qe4+ 30. Ka1 f3 31. Ba3 Qc6 32.
Bxc5 Qxc5 33. Qe6+ Kh8 34. Qh3+ Kg8 35. Qe6+ Kh8 36.
Qh3+ Kg8 37. Qe6+ 1/2-1/2

[Event "Late-Titled-Tuesday-Blitz-December-26-2023"]
[Site "Chess.com"]
[Date "2023.12.26"]
[Round "6"]
[White "nassimzrikem"]
[Black "miraitrunks"]
[Result "1-0"]
[WhiteElo "2250"]
[BlackElo "2072"]
[TimeControl "180+1"]
[EndTime "15:06:22 PST"]
[Termination "nassimzrikem won by resignation"]

1. e4 e6 2. d4 d5 3. Nc3 Bb4 4.
exd5 exd5 5. Bd3 Nf6 6. Ne2 O-O 7. O-O c6 8. Ng3 Re8 9. Nce2 Bd6 10. c3 Ne4 11.
Nxe4 dxe4 12. Bc4 Be6 13. Bxe6 Rxe6 14. Bf4 Rg6 15. Bxd6 Qxd6 16. Ng3 Qd5 17. Re1 f5 18. c4 Qf7 19. Qb3 Na6 20. Rad1 c5 21. d5 Nb4 22. a3 Nd3 23. Rxd3 exd3 24. Qxd3 Re8 25. Rxe8+ Qxe8 26. Qxf5 Qe1+ 27. Nf1 Rf6 28. Qc8+ Kf7 29. Qd7+ Kg6 30. Qg4+ Kf7 31. Qg3 Qb1 32. b3 Qe4 33. Qc7+ Kg6 34. Qxc5 Rf5 35. Qe3 Qb1 36. h4 Qa1 37. a4 Re5 38. Qg3+ Kf6 39. Qf3+ Ke7 40. c5 Re6 41. dxe6 1-0

[Event "Late-Titled-Tuesday-Blitz-December-26-2023"]
[Site "Chess.com"]
[Date "2023.12.26"]
[Round "6"]
[White "INLOVEWITHF"]
[Black "FREZZY23"]
[Result "1-0"]
[WhiteElo "2531"]
[BlackElo "2386"]
[TimeControl "180+1"]
[EndTime "15:06:25 PST"]
[Termination "INLOVEWITHF won on time"]

1. e4 c5 2. c3 Nf6 3. e5 Nd5 4. Bc4 Nb6 5. Bb3 d6 6. d4 cxd4 7. cxd4 Nc6 8. Nf3 dxe5 9. d5 Na5 10. Nc3 Nxb3 11. axb3 e6 12. Be3 Nxd5 13. Nxe5 Bb4 14. O-O a6 15. Qg4 O-O 16. Bh6 Qf6 17. Nxd5 exd5 18.
Qxb4 Qxh6 19. Rfe1 b5 20. Rac1 Be6 21. Nc6 Qg5 22. Nd4 Kh8 23. Nf3 Qf6 24. Rc3 Rac8 25. Nd4 Rxc3 26. bxc3 Rc8 27. Qd6 1-0

[Event "Late-Titled-Tuesday-Blitz-December-26-2023"]
[Site "Chess.com"]
[Date "2023.12.26"]
[Round "6"]
[White "German_Bazeev"]
[Black "2346PL"]
[Result "1-0"]
[WhiteElo "2840"]
[BlackElo "2549"]
[TimeControl "180+1"]
[EndTime "15:06:30 PST"]
[Termination "German_Bazeev won by resignation"]

1. d4 f5 2. Bg5 h6 3. Bh4 g5 4. e3 Nf6 5. Bg3 c5 6. Be5 Bg7 7. dxc5 Nc6 8. Bc3 O-O 9. h4 g4 10. Bc4+ e6 11. Ne2 Ne4 12. Bxg7 Kxg7 13. Nf4 Qa5+ 14.
Nd2 Qxc5 15. Nxe4 Qxc4 16. Nd6 Qb4+ 17. Qd2 Qxd2+ 18. Kxd2 e5 19. Nd5 b6 20. c4 Ba6 21.
b4 Nd8 22. Nc7 Bb7 23. Nxa8 Bxa8 24. Rhg1 Kf6 25. Kc3 Ke7 26. Rad1 Ne6 27. Kb3 h5 28. g3 Bf3 29. Rd2 Rb8 30. Rc1 Rf8 31. a4 a5 32. c5 bxc5 33. b5 f4 34. exf4 exf4 35. Nc4 fxg3 36. fxg3 Ra8 37. Rd6 Be2 38. Ra6 Nd4+ 39.
Kc3 Rf8 40. Ne5 d6 41. Ng6+ Kf7 42. Nxf8 Kxf8 43. Ra8+ Ke7 44. b6 Bf3 45. b7 1-0

[Event "Late-Titled-Tuesday-Blitz-December-26-2023"]
[Site "Chess.com"]
[Date "2023.12.26"]
[Round "6"]
[White "Crasyhealer"]
[Black "Mikhail_Golubev"]
[Result "0-1"]
[WhiteElo "2472"]
[BlackElo "2633"]
[TimeControl "180+1"]
[EndTime "15:06:34 PST"]
[Termination "Mikhail_Golubev won by checkmate"]

1. c4 g6 2. d4 Bg7 3. h4 Nf6 4.
Nc3 d6 5. e4 O-O 6. Be2 c5 7.
d5 b5 8. cxb5 a6 9. bxa6 Bxa6 10. Bg5 Qa5 11. Bxa6 Nxe4 12. Bb7 Nxc3 13. bxc3 Qxc3+ 14. Bd2 Qe5+ 15. Ne2 Ra3 16. Rc1 Qb2 17. Rb1 Qxa2 18. O-O Rd3 19. Nc1 Qxb1 20. Nxd3 Qxd3 21.
Re1 Nd7 22. Rxe7 Ne5 23. Qc1 Bf6 24. Rc7 Bxh4 25. Bh6 Rb8 26. Qf4 Qd1+ 27. Kh2 Ng4+ 28. Kh3 Nxf2+ 29. Kxh4 Qh5+ 30. Kg3 Nh1# 0-1

[Event "Late-Titled-Tuesday-Blitz-December-26-2023"]
[Site "Chess.com"]
[Date "2023.12.26"]
[Round "6"]
[White "Balla_Tamas"]
[Black "AkatsukiLogHorizon"]
[Result "0-1"]
[WhiteElo "2420"]
[BlackElo "2238"]
[TimeControl "180+1"]
[EndTime "15:06:34 PST"]
[Termination "AkatsukiLogHorizon won by resignation"]

1. e4 c5 2. c3 d5 3. exd5 Qxd5 4. d4 Nf6 5. Nf3 Bg4 6. Be2 e6 7. Be3 Nc6 8. h3 Bh5 9. O-O cxd4 10. cxd4 Be7 11.
Nc3 Qd6 12. a3 O-O 13. Qb3 b6 14. Rad1 Na5 15. Qa2 Nd5 16. Ne4 Qd8 17. Rfe1 Nxe3 18. fxe3 Qd5 19. Qxd5 exd5 20. Nc3 Rfd8 21. Ne5 Bxe2 22.
Rxe2 Rac8 23. Nd3 Nc4 24. Nb4 Bxb4 25. axb4 Nxb2 26. Nxd5 Nxd1 27. Ne7+ Kf8 28. Nxc8 Rxc8 29. Ra2 Rc7 30. Ra3 Nc3 31. Kf2 Nb5 32. Ra2 Rc4 33.
Rb2 Ke7 34. Ke2 Kd6 35. Kd3 Rc3+ 36. Ke4 Na3 37. Kf4 Rxe3 38. Ra2 Rc3 39. Ke4 Nb5 40.
Rf2 f6 41. Rf4 Rc4 42. Kd3 Rxb4 43. Rg4 g6 44. Rg3 Rxd4+ 45. Kc2 a5 46. Rf3 f5 47. Re3 Re4 48. Rd3+ Nd4+ 49. Kc3 Kc5 50. Rd1 Nb5+ 51.
Kb3 Rb4+ 52. Ka2 Nc3+ 53. Ka1 Nxd1 0-1